 Dungeon Crawl Stone Soup version 0.24.0-37-gcf1ca852f1 (webtiles) character file.

Game seed: 1066945183437567131, levelgen mode: deterministic

682 Luthien the Magician (level 7, -2/36 HPs)
             Began as a Deep Elf Conjurer on Dec 6, 2019.
             Slain by Edmund
             ... wielding a +4 flail of protection
              (9 damage)
             ... on level 4 of the Dungeon.
             The game lasted 00:15:46 (4809 turns).

Luthien the Magician (Deep Elf Conjurer)            Turns: 4809, Time: 00:15:47

Health: -2/36      AC:  7    Str:  5    XL:     7   Next: 34%
Magic:  4/20       EV: 13    Int: 20    God:
Gold:   223        SH:  0    Dex: 17    Spells: 18/21 levels left

rFire    + . .     SeeInvis +   f - +1 mace
rCold    . . .     Gourm    .   (no shield)
rNeg     . . .     Faith    .   y - +2 robe {rF+}
rPois    .         Spirit   .   b - +2 hat
rElec    .         Reflect  .   p - +0 cloak
rCorr    .         Harm     .   (no gloves)
MR       .....                  (no boots)
Stlth    ++........             (no amulet)
HPRegen  0.12/turn              x - ring of see invisible
MPRegen  0.17/turn              (no ring)

@: no status effects
A: no striking features
a: no special abilities


You were on level 4 of the Dungeon.
You were hungry.

You visited 1 branch of the dungeon, and saw 4 of its levels.

You collected 223 gold pieces.

Inventory:

Hand Weapons
 e - a +0 club
 f - a +1 mace (weapon)
 i - a +0 mace
 k - a -3 whip
 D - a +0 quarterstaff
Missiles
 g - 62 stones (quivered)
 m - 86 arrows
 G - 13 poisoned darts
Armour
 a - a +0 robe
 b - a +2 hat (worn)
 p - a +0 cloak (worn)
 y - a +2 robe of fire resistance (worn)
 B - a +0 robe
Jewellery
 x - a ring of see invisible (left hand)
Scrolls
 d - a scroll of amnesia
 j - a scroll of remove curse
 n - 4 scrolls of magic mapping
 r - 3 scrolls of teleportation
 t - a scroll of enchant armour {unknown}
 u - 2 scrolls of enchant weapon
 w - a scroll of fog {unknown}
 z - a scroll of identify
 C - a scroll of random uselessness {unknown}
 F - a scroll of immolation
Potions
 h - 2 potions of mutation
 l - a potion of agility {unknown}
 o - 3 potions of haste
 q - a potion of magic {unknown}
 s - 2 potions of heal wounds {unknown}
 v - 4 potions of lignification {unknown}
 A - a potion of curing
 E - a potion of resistance {unknown}
Comestibles
 c - 12 rations


   Skills:
 - Level 2.8 Dodging
 - Level 3.0 Stealth
 + Level 7.8 Spellcasting
 + Level 7.5 Conjurations


You had 18 spell levels left.
You knew the following spells:

 Your Spells              Type           Power        Failure   Level  Hunger
a - Magic Dart            Conj           ####         1%          1    None
b - Searing Ray           Conj           #####.       1%          2    None

Your spell library contained the following spells:

 Spells                   Type           Power        Failure   Level  Hunger
 Iskenderun's Mystic Bla  Conj           #####...     3%          4    ###....
 Dazzling Spray           Conj/Hex       ###...       5%          3    None
 Force Lance              Conj/Tloc      ###.....     19%         4    ###....
 Fulminant Prism          Conj/Hex       ###.......   19%         4    ###....


Dungeon Overview and Level Annotations

Branches:
Dungeon (4/15)
 Temple: D:4-7

Altars:
Gozag
Kikubaaqudgha
Sif Muna
Wu Jian

Annotations:
D:4 Edmund


Message History

The searing ray hits Edmund but does no damage.
Edmund is severely wounded.
Edmund hits you but does no damage.
The searing ray hits Edmund.
Edmund is almost dead.
You finish channeling your searing ray.
Edmund closely misses you.
Casting: Searing Ray (safe; 1% risk of failure)
Confirm with . or Enter, or press ? or * to list all spells.
Aiming: Searing Ray (safe; 1% risk of failure)
Press: ? - help, Shift-Dir - straight line, f/p - Edmund
Aim: Edmund, wielding a +4 flail of protection and wearing a +0 scale mail (almost dead)
The searing ray hits Edmund but does no damage.
Edmund is almost dead. (Press . to maintain the ray.) Edmund hits you with a +4 flail of protection!
* * * LOW HITPOINT WARNING * * *
Unknown command.
The searing ray misses Edmund.
Edmund hits you with a +4 flail of protection!
You die...

##.#.#.........#
#.#.. ..
..#.#.........# #.#..
....##.#.........#
#.#..
.......#.<########
#.#.. #....# #....
#....############.
#....#............
#@...#...#........
#@...#...#........
#........#........
#.............####
####....#############
.....................
####....#############
#....# #. #....# #.
#....# #.


You could see Edmund.

Vanquished Creatures
  An orc warrior (D:3)
  A phantom (D:4)
  2 ogres (D:4)
  2 scorpions (D:4)
  A howler monkey (D:4)
  Jessica (D:2)
  A worker ant (D:4)
  6 adders
  3 oozes
  2 worms
  2 dart slugs
  A leopard gecko (D:2)
  5 giant cockroaches
  6 goblins
  7 hobgoblins
  3 jackals (D:3)
  A quokka (D:3)
  8 bats
  9 frilled lizards
  A jackal skeleton (D:4)
  6 kobolds
  7 rats
76 creatures vanquished.

Notes
Turn   | Place    | Note
-------+----------+-------------------------------------------
     0 | D:1      | Luthien the Deep Elf Conjurer began the quest for the Orb.
     0 | D:1      | Reached XP level 1. HP: 10/10 MP: 6/6
   233 | D:1      | Reached XP level 2. HP: 15/15 MP: 5/8
   263 | D:1      | Learned a level 2 spell: Searing Ray
   910 | D:2      | Reached XP level 3. HP: 19/19 MP: 3/10
  1213 | D:2      | Reached skill level 5 in Conjurations
  1480 | D:2      | Reached XP level 4. HP: 24/24 MP: 10/12
  1744 | D:2      | Found an ornate altar of the Wu Jian Council.
  1744 | D:2      | Found an ancient bone altar of Kikubaaqudgha.
  1775 | D:2      | Noticed Jessica
  1779 | D:2      | Killed Jessica
  2255 | D:3      | Reached skill level 5 in Spellcasting
  2544 | D:3      | Noticed an orc warrior
  2735 | D:3      | Killed an orc warrior
  2735 | D:3      | Reached XP level 5. HP: 16/28 MP: 6/15
  2968 | D:3      | Found an opulent altar of Gozag.
  3561 | D:4      | Found a shimmering blue altar of Sif Muna.
  3569 | D:4      | Reached XP level 6. HP: 32/32 MP: 13/17
  3961 | D:4      | Reached XP level 7. HP: 36/36 MP: 13/19
  4255 | D:4      | HP: 1/36 [ogre/+0 giant club (20)]
  4761 | D:4      | Noticed Edmund
  4809 | D:4      | Slain by Edmund

Levels and vault maps discovered:
D:1:      dpeg_arrival_rhombus, layout_rooms, hex_large
D:2:      layout_basic, gammafunk_temple_overflow_wave, serial_bayou_crossing,
          uniq_jessica
D:3:      layout_basic, nicolae_gozag_seed_capital, minmay_vboxes
D:4:      layout_basic, lemuel_round_altar, first_ration, minmay_puff,
          uniq_edmund

Skill      XL: |  1  2  3  4  5  6 |
---------------+-------------------+-----
Stealth        | 3 |  3.0
Spellcasting   | 4 5 6 7 |  7.8
Conjurations   | 5 6 7 |  7.5
Dodging        | |  2.8

Action                   |  1- 3 |  4- 6 |  7- 9 || total
-------------------------+-------+-------+-------++-------
Melee: Club              |     2 |       |       ||     2
 Cast: Magic Dart        |    68 |    44 |     8 ||   120
       Searing Ray       |     4 |    24 |     8 ||    36
  Use: Potion            |       |     1 |       ||     1
       Scroll            |       |     8 |       ||     8
  Eat: Chunk             |     2 |     7 |     2 ||    11
Armor: Robe              |     7 |       |     1 ||     8
Dodge: Dodged            |     6 |    10 |     3 ||    19
